 Dungeon Crawl Stone Soup version 0.21.1-1-g345015f (webtiles) character file.

619 kae the Archer (level 7, 0/59 HPs)
             Began as a Centaur Hunter on June 11, 2018.
             Was a Follower of Okawaru.
             Slain by an iguana (4 damage)
             ... on level 6 of the Dungeon.
             The game lasted 00:05:27 (5855 turns).

kae the Archer (Centaur Hunter)                     Turns: 5855, Time: 00:05:28

Health: 0/59       AC:  4    Str: 14    XL:     7   Next: 21%
Magic:  8/8        EV: 10    Int: 10    God:    Okawaru [*.....]
Gold:   90         SH:  0    Dex: 12    Spells: 6/6 levels left

rFire    + . .     SeeInvis .   a - +4 shortbow
rCold    . . .     Gourm    .   (shield currently unavailable)
rNeg     + . .     Faith    .   c - +0 leather armour
rPois    .         Spirit   .   (no helmet)
rElec    .         Reflect  .   (no cloak)
rCorr    .         Harm     +   (no gloves)
MR       .....                  (no barding)
Stlth    +.........             n - amulet of harm
HPRegen  0.19/turn              w - ring of protection from fire
MPRegen  0.11/turn              l - ring of positive energy

@: very quick
A: large, hooves 3, deformed body, speed 2, tough skin 3
a: Heroism, Renounce Religion


You were on level 6 of the Dungeon.
You worshipped Okawaru.
Okawaru was aware of your devotion.
You were hungry.

You visited 2 branches of the dungeon, and saw 7 of its levels.

You collected 180 gold pieces.
You spent 90 gold pieces at shops.

Inventory:

Hand Weapons
 a - a +4 shortbow (weapon)
 b - a +0 short sword
Missiles
 d - 24 arrows (quivered)
Armour
 c - a +0 leather armour (worn)
Jewellery
 k - an uncursed ring of stealth
 l - a ring of positive energy (right hand)
 n - an amulet of harm (around neck)
 w - a ring of protection from fire (left hand)
Wands
 j - a wand of paralysis (22)
Scrolls
 e - a scroll of noise
 g - a scroll of remove curse
 m - a scroll of fear
 s - 3 scrolls of blinking
 v - 2 scrolls of teleportation
Potions
 h - 5 potions of curing
 i - a potion of agility {unknown}
 p - a potion of heal wounds {unknown}
 q - a potion of brilliance
 r - a potion of might {unknown}
 t - a potion of flight {unknown}
Books
 o - a book of Misfortune

   Spells                             Type                      Level
   a - Confusing Touch                Hexes                        1
   b - Confuse                        Hexes                        3
   c - Gell's Gravitas                Translocation                3
   d - Petrify                        Transmutation/Earth          4
   e - Metabolic Englaciation         Hexes/Ice                    5
   f - Yara's Violent Unravelling     Hexes/Transmutation          5
Comestibles
 f - 10 rations


   Skills:
 + Level 4.1 Fighting
 * Level 8.8 Bows
 + Level 3.1 Dodging
 - Level 0.4 Stealth
 + Level 2.1 Invocations


You had 6 spell levels left.
You didn't know any spells.

Dungeon Overview and Level Annotations

Branches:
Dungeon (6/15)             Temple (1/1) D:4

Altars:
Ashenzari
Cheibriados
Elyvilon
Fedhas
Gozag
Hepliaklqana
Makhleb
Nemelex Xobeh
Okawaru
Ru
Sif Muna
Trog
Uskayaw
Vehumet
Wu Jian
Xom
Yredelemnul
The Shining One

Shops:
D:4 *

Annotations:
D:5 Boondog's ghost, novice TrFi


Innate Abilities, Weirdness & Mutations

You have hooves in place of feet.
Armour fits poorly on your strangely shaped body.
You cover ground very quickly.
You have extremely tough skin. (AC +3)


Message History

Press: ? - help, Shift-Dir - straight line, f/p - orc priest
Aim: an orc priest, wielding a flail and wearing a leather armour (severely wounded)
You shoot an arrow. The arrow hits the orc priest!
You kill the orc priest!
Okawaru accepts your kill.
You hear some strange, mumbled words.
A magic dart appears from out of thin air!
The magic dart hits you!
* * * LOW HITPOINT WARNING * * *
There is a stone staircase leading up here.
You climb upwards.
Level annotation: Boondog's ghost, novice TrFi
There is a stone staircase leading down here.
Unknown command.
Unknown command.
There is a stone staircase leading down here.
You climb downwards.
An iguana comes into view.
The iguana bites you.
You die...

#
#.####
#..@.#
####l#
...
####


You could see an iguana.

Vanquished Creatures
  An ogre (D:4)
  A centaur (D:5)
  A howler monkey (D:4)
  2 orc priests
  A hound (D:5)
  2 orc wizards (D:3)
  3 worker ants
  9 adders
  A shadow imp (D:5)
  An ooze (D:4)
  An adder zombie (D:5)
  A dart slug (D:2)
  A leopard gecko (D:3)
  12 orcs
  6 giant cockroaches
  7 goblins
  11 hobgoblins
  7 jackals
  2 quokkas
  11 bats
  4 frilled lizards
  6 kobolds
  10 rats
101 creatures vanquished.

Notes
Turn   | Place    | Note
-------+----------+-------------------------------------------
     0 | D:1      | kae the Centaur Hunter began the quest for the Orb.
     0 | D:1      | Reached XP level 1. HP: 17/17 MP: 1/1
   279 | D:1      | Reached XP level 2. HP: 24/24 MP: 2/2
   801 | D:1      | Reached skill level 6 in Bows
   907 | D:1      | Reached XP level 3. HP: 30/30 MP: 3/3
  1554 | D:2      | Reached XP level 4. HP: 17/37 MP: 4/4
  1805 | D:2      | Found a sacrificial altar of Ru.
  1805 | D:2      | Found a basalt altar of Yredelemnul.
  1805 | D:2      | Found an iron altar of Okawaru.
  1917 | D:2      | Found a white marble altar of Elyvilon.
  2853 | D:3      | Reached skill level 7 in Bows
  2853 | D:3      | Reached XP level 5. HP: 42/45 MP: 5/5
  2900 | D:3      | Found a radiant altar of Vehumet.
  3663 | D:3      | Found a deep blue altar of Sif Muna.
  3956 | D:4      | Found a staircase to the Ecumenical Temple.
  4014 | Temple   | Entered the Ecumenical Temple
  4312 | D:2      | Became a worshipper of Warmaster Okawaru
  4540 | D:4      | Reached XP level 6. HP: 51/51 MP: 6/6
  4611 | D:4      | Reached skill level 8 in Bows
  4611 | D:4      | Reached skill level 1 in Invocations
  4637 | D:4      | Found Toyczigyxyu's General Store.
  4656 | D:4      | Bought a scroll of enchant weapon for 90 gold pieces
  4672 | D:4      | Reached * piety under Okawaru
  4860 | D:4      | Found an ornate altar of the Wu Jian Council.
  5036 | D:5      | Entered Level 5 of the Dungeon
  5488 | D:5      | Reached XP level 7. HP: 18/59 MP: 8/8
  5759 | D:5      | Noticed Boondog's ghost (novice TrFi)
  5840 | D:6      | HP: 2/59 [something/magic dart (8)]
  5855 | D:6      | Slain by an iguana

Skill      XL: |  1  2  3  4  5  6 |
---------------+-------------------+-----
Bows           | 6 7 8 |  8.8
Dodging        | 2 3 |  3.1
Fighting       | 3 4 |  4.1
Invocations    | 2 |  2.1
Stealth        | |  0.4

Action                   |  1- 3 |  4- 6 |  7- 9 || total
-------------------------+-------+-------+-------++-------
Melee: Short sword       |   137 |   151 |    14 ||   302
       Kick              |    22 |    32 |     4 ||    58
 Fire: Shortbow          |    14 |    70 |     6 ||    90
Evoke: Wand              |       |     1 |       ||     1
  Use: Scroll            |     1 |    10 |       ||    11
 Stab: Paralysed         |       |     3 |       ||     3
  Eat: Chunk             |     2 |     9 |     1 ||    12
Armor: Leather armour    |    49 |    42 |     4 ||    95
Dodge: Dodged            |    82 |   100 |     6 ||   188
